AoeStats
← viljelia

Arabia

507028060Analyzed
1v1 RM · 15d ago on Sep 16, 2026· 30m 4s· 2 players
Game mode
Random Map
Map size
Tiny (2 player)
Population
200
Speed
Normal
Resources
Standard
Victory
Conquest
Starting age
Dark Age
Ending age
Imperial Age
RankedLock teamsTeams togetherTeam positionsShared explorationLock speedFull tech treeHidden civsTurbo modeCheats
Victory
Defeat
🇹🇷 Mongols · Türkiye
743
+14
🇫🇮 Japanese · Finland
708
-14
viljelia
7:42 Loom
7:48 Loom
10:35 Feudal Age
11:20 Man-at-Arms
19:41 Horse Collar
20:10 Double-Bit Axe
21:14 Gold Mining
25:16 Castle Age
25:30 Stone Mining
25:58 Bloodlines
25:56 Scale Barding Armor
26:02 Forging
26:46 Bow Saw
26:57 Husbandry
Ozzkhan
9:47 Feudal Age
10:57 Double-Bit Axe
12:50 Loom
24:12 Castle Age
22:37 Fletching
25:46 Stone Mining
Connection lost

Rejoining the realm…

Still unreachable

The connection could not be restored.

Session expired

The server has moved on; the page needs a fresh start.